 Dungeon Crawl Stone Soup version 0.26.1-11-gd32895ea62 (webtiles) character file.

Game seed: 18428553023871006958

14149 Zeld the Cruncher (level 12, -3/70 HPs)
             Began as an Octopode Gladiator on May 18, 2021.
             Was a Priest of Wu Jian.
             Shot with an arrow by Nessos (21 damage)
             ... on level 13 of the Dungeon.
             The game lasted 00:23:17 (18514 turns).

Zeld the Cruncher (Octopode Gladiator)             Turns: 18514, Time: 00:23:17

Health: -3/70      AC:  6    Str: 15    XL:     12   Next: 13%
Magic:  12/12      EV: 22    Int: 10    God:    Wu Jian [***...]
Gold:   427        SH:  5    Dex: 17    Spells: 11/11 levels left

rFire    . . .     SeeInvis .   E - +6 quarterstaff (speed)
rCold    . . .     Faith    .   (shield currently unavailable)
rNeg     . . .     Spirit   .   b - +1 hat
rPois    .         Reflect  +   K - amulet of reflection
rElec    .         Harm     .   L - +4 ring of protection
rCorr    .         Rampage  .   r - ring of stealth
Will     .....                  q - +4 ring of evasion
Stlth    ++++......             p - +4 ring of evasion
HPRegen  0.21/turn              y - ring of wizardry
MPRegen  0.13/turn              (no ring)
                                (no ring)
                                (no ring)

@: lethally poisoned (-3 -> -18)
A: almost no armour, stealthy swim, amphibious, 8 rings, constrict 8, camouflage
1, gelatinous body 1
a: Renounce Religion, Wall Jump, Serpent's Lash


You were on level 13 of the Dungeon.
You worshipped Wu Jian.
Wu Jian was most pleased with you.
You visited 2 branches of the dungeon, and saw 14 of its levels.
You also visited: Ossuary.

You collected 1174 gold pieces.
You spent 747 gold pieces at shops.

Inventory:

Hand Weapons
 a - a +0 quarterstaff
 x - a +4 quarterstaff of chaos
 E - a +6 quarterstaff of speed (weapon)
 O - a +0 quarterstaff
 R - a +4 quarterstaff
Missiles
 c - 10 throwing nets
 h - 67 poisoned darts (quivered)
 m - 8 silver javelins
 u - 6 silver boomerangs
 w - 18 boomerangs
 D - 2 atropa-tipped darts
 J - 2 javelins
Armour
 b - a +1 hat (worn)
Jewellery
 p - a +4 ring of evasion (on tentacle)
 q - a +4 ring of evasion (on tentacle)
 r - a ring of stealth (right tentacle)
 y - a ring of wizardry (on tentacle)
 K - an amulet of reflection (around mantle)
 L - a +4 ring of protection (left tentacle)
Wands
 F - a wand of acid (18)
 G - a wand of flame (32)
 M - a wand of iceblast (16)
 P - a wand of enslavement (5)
 Q - a wand of paralysis (17)
Scrolls
 e - 3 scrolls of amnesia
 f - 3 scrolls of remove curse
 i - 5 scrolls of teleportation
 I - a scroll of magic mapping
Potions
 d - 3 potions of curing
 g - 5 potions of brilliance
 j - a potion of haste
 k - a potion of magic {unknown}
 n - 3 potions of heal wounds {unknown}
 o - 3 potions of invisibility {unknown}
 s - a potion of ambrosia {unknown}
 t - a potion of resistance {unknown}
 v - 4 potions of attraction {unknown}
 z - 2 potions of berserk rage {unknown}
 A - 4 potions of mutation {unknown}
 B - a potion of cancellation {unknown}
 C - 5 potions of lignification {unknown}
Miscellaneous
 H - a phantom mirror (inert)


   Skills:
 - Level 2.0 Fighting
 * Level 13.5 Staves
 * Level 13.4 Throwing
 - Level 3.0 Dodging


You had 11 spell levels left.
You didn't know any spells.
Your spell library contained the following spells:

 Spells                   Type           Power        Failure   Level
 Sandblast                Erth           0%           16%         1
 Passwall                 Tmut/Erth      0%           22%         2
 Stone Arrow              Conj/Erth      0%           41%         3
 Petrify                  Tmut/Erth      0%           80%         4
 Lee's Rapid Deconstruct  Erth           0%           98%         5


Dungeon Overview and Level Annotations

Branches:
Dungeon (13/15)            Temple (1/1) D:7            Lair (0/6) D:11
    Orc (0/2) D:12        Ossuary (visited)
 Vaults: D:13-14

Altars:
Ashenzari
Cheibriados
Dithmenos
Elyvilon
Fedhas
Gozag
Hepliaklqana
Kikubaaqudgha
Makhleb
Nemelex Xobeh
Okawaru
Qazlal
Ru
Sif Muna
Trog
Uskayaw
Vehumet
Wu Jian
Xom
Yredelemnul
Zin
The Shining One

Shops:
D:6 *((   D:8 *   D:11 :

Annotations:
D:12 1 runed translucent door
D:13 Nessos


Innate Abilities, Weirdness & Mutations

You cannot wear most types of armour.
You are very stealthy in the water. (Stealth+)
You are amphibious.
You can wear up to eight rings at the same time.
You can use your tentacles to constrict eight enemies at once.
Your skin changes colour to match your surroundings (Stealth+).
Your rubbery body absorbs attacks. (AC +1, EV +1)


Message History

You sock the wight! Your grab misses the wight.
The wight is severely damaged.
You hit the wight.
You destroy the wight!
The Council accepts your kill.
Nessos blinks!
Nessos wields a +2 longbow of flaming.
It bursts into flame!
Nessos shoots an arrow.
The arrow hits you!! The arrow burns you!
You are poisoned.
* * * LOW HITPOINT WARNING * * *
Things that are here:
an arrow; a +0 war axe; a +0 robe You are too injured to fight recklessly!
You feel sick.
Nessos gestures wildly while chanting.
Nessos seems to speed up.
There is a stone staircase leading up, spattered with blood here.
You see here 3 arrows.
You feel sick.
Nessos shoots an arrow.
The arrow hits you!!
You die...

..#
#...#.._..##..............,,
..#
##..#.....###.....#.......,,
..# ##...((.(#
#.c..##.......,, ..#
##((##### #....#*#..y...,,
..# ##.)## ##....##*......,,
..##
##(.####......#*#.....,,
...# ##.(##...##...#*...yy,,
...## ##.(.!(#####..##..y.,,
....## ##((.@## *...#,,,,,,
.....# ###...(.##
*#....,,,,,
.....#***#........#
*#...,,,,,
######,...######..#*
***,,,,,,,,, # *..#**
#...#**,,,,,,,,,,, *.,*
*#...#,,,,*****,,,, *,**
**..##..,,** **,,, *,*
**,.##*#..** **,, *,* **,.#*
*..#*******,,,


You could see Nessos (fast).

Vanquished Creatures
  Harold (D:10)
  A hydra (D:12)
  2 two-headed ogres
  4 ugly things
  An oklob plant (D:11)
  A cyclops (D:12)
  Maurice (D:10)
  A centaur skeleton (D:12)
  A hornet (D:13)
  A meliai zombie (D:13)
  2 wraiths
  14 yaks
  4 vampire mosquitoes
  Edmund (D:4)
  An acid dragon (D:10)
  Duvessa (D:7)
  A hornet zombie (D:9)
  6 orc warriors
  An ice beast (D:8)
  5 ogres
  3 phantoms
  A tengu (shapeshifter) (D:4)
  9 centaurs
  7 bullfrogs
  Dowan (D:7)
  4 scorpions
  A water moccasin skeleton (D:6)
  8 wights
  6 killer bees (D:7)
  2 bullfrog zombies
  7 hounds
  7 orc priests
  Crazy Yiuf (D:3)
  A gnoll shaman (D:6)
  3 jellies
  10 orc wizards
  5 iguanas
  6 worker ants
  A killer bee zombie (D:5)
  The ghost of JuniperTheExplorer the Skirmisher, a weakling NaFi (D:4)
  A hound zombie (D:8)
  A hound skeleton (D:4)
  8 mummies (Ossuary)
  2 worker ant zombies
  8 gnolls
  A howler monkey skeleton (D:7)
  6 adders
  A shadow imp (D:7)
  A white imp (D:8)
  An ufetubus (D:10)
  3 oozes
  2 adder skeletons
  A worm (D:5)
  11 dart slugs
  2 leopard geckos
  60 orcs
  A ball python (D:2)
  5 bats
  2 gnoll zombies (Ossuary)
  10 goblins
  7 hobgoblins
  4 jackals (D:2)
  4 quokkas
  5 frilled lizards
  A giant cockroach zombie (D:6)
  10 kobolds
  5 kobold zombies (Ossuary)
  A leopard gecko skeleton (D:4)
  An orc zombie (Ossuary)
  7 rats
306 creatures vanquished.

Vanquished Creatures (collateral kills)
  A big kobold (D:11)
  A kobold (D:11)
2 creatures vanquished.

Vanquished Creatures (others)
  4 plants (D:11)
4 creatures vanquished.

Grand Total: 312 creatures vanquished

Notes
Turn   | Place    | Note
-------+----------+-------------------------------------------
     0 | D:1      | Zeld the Octopode Gladiator began the quest for the Orb.
     0 | D:1      | Reached XP level 1. HP: 14/14 MP: 1/1
    10 | D:1      | Noticed a centaur
   285 | D:1      | Reached XP level 2. HP: 18/19 MP: 2/2
  1157 | D:2      | Reached XP level 3. HP: 23/24 MP: 3/3
  1930 | D:3      | Reached XP level 4. HP: 29/29 MP: 4/4
  2225 | D:3      | Found a runed translucent door.
  2226 | D:3      | Noticed Crazy Yiuf
  2308 | D:3      | Killed Crazy Yiuf
  2438 | D:4      | Reached XP level 5. HP: 27/34 MP: 5/5
  2602 | D:4      | You fall into a shaft and drop 1 floor!
  2602 | D:5      | Entered Level 5 of the Dungeon
  2695 | D:4      | Reached skill level 5 in Staves
  2695 | D:4      | Reached XP level 6. HP: 38/39 MP: 6/6
  2721 | D:4      | Found a sand-covered staircase.
  2732 | Ossuary  | Entered an ossuary
  3817 | D:4      | Reached skill level 5 in Throwing
  3916 | D:4      | Noticed a phantom
  3933 | D:4      | Noticed Edmund
  3970 | D:4      | Killed Edmund
  3971 | D:4      | Reached XP level 7. HP: 15/45 MP: 7/7
  4172 | D:4      | Found a transporter.
  4174 | D:4      | Found a transporter.
  4175 | D:4      | Noticed JuniperTheExplorer's ghost (weakling NaFi)
  4331 | D:4      | Found a burning altar of Makhleb.
  4566 | D:4      | Noticed a shapeshifter
  4566 | D:4      | a leopard gecko changed into a shapeshifter
  4566 | D:4      | Noticed a golden eye
  4566 | D:4      | a shapeshifter changed into a golden eye
  4577 | D:4      | a golden eye changed into a tengu
  5190 | D:5      | Found an ancient bone altar of Kikubaaqudgha.
  5266 | D:5      | Reached XP level 8. HP: 50/50 MP: 8/8
  5543 | D:6      | Found Enusynar's Weapon Boutique.
  5556 | D:6      | Bought a +3 quarterstaff of speed for 435 gold pieces
  5712 | D:6      | Found Wowy's Weapon Shoppe.
  6186 | D:6      | Found Fuit's Assorted Antiques.
  6198 | D:6      | Bought a scroll labelled JEPHUYTS SIHEM for 28 gold pieces
  6198 | D:6      | Bought a sedimented silvery potion for 25 gold pieces
  6198 | D:6      | Bought a sapphire potion for 25 gold pieces
  6198 | D:6      | Bought a white potion for 25 gold pieces
  7322 | D:7      | Noticed Duvessa
  7322 | D:7      | Noticed Dowan
  7339 | D:7      | Killed Duvessa
  7340 | D:7      | Reached XP level 9. HP: 36/54 MP: 9/9
  7342 | D:7      | Killed Dowan
  7491 | D:7      | Found a burning altar of Makhleb.
  7976 | D:7      | Found a glowing silver altar of Zin.
  7976 | D:7      | Found a stormy altar of Qazlal.
  8002 | D:7      | Found an iron altar of Okawaru.
  8002 | D:7      | Found a bloodstained altar of Trog.
  8090 | D:7      | Found a staircase to the Ecumenical Temple.
  8255 | Temple   | Entered the Ecumenical Temple
  8264 | Temple   | Became a worshipper of the Wu Jian Council
  8380 | D:8      | Found a sacrificial altar of Ru.
  8424 | D:8      | Found a basalt altar of Yredelemnul.
  8628 | D:8      | Found a shadowy altar of Dithmenos.
  8651 | D:8      | Found a blossoming altar of Fedhas.
  8770 | D:8      | Found Gikaojuj's Assorted Antiques.
  8795 | D:8      | Bought a scroll of identify for 44 gold pieces
  8795 | D:8      | Bought a scroll of identify for 44 gold pieces
  8795 | D:8      | Bought a scroll of identify for 44 gold pieces
  8822 | D:8      | Found a white marble altar of Elyvilon.
  9070 | D:8      | Bought a scroll of magic mapping for 77 gold pieces
  9088 | D:9      | Noticed a two-headed ogre
  9102 | D:9      | Killed a two-headed ogre
  9103 | D:9      | Reached skill level 10 in Staves
  9221 | D:9      | Reached XP level 10. HP: 60/60 MP: 10/10
  9224 | D:9      | Reached skill level 10 in Throwing
  9311 | D:9      | Found a blossoming altar of Fedhas.
  9593 | D:9      | Reached * piety under Wu Jian
 10214 | D:4      | Killed JuniperTheExplorer's ghost
 10383 | D:10     | Entered Level 10 of the Dungeon
 10603 | D:10     | Noticed Maurice
 10610 | D:10     | Reached ** piety under Wu Jian
 10723 | D:10     | Killed Maurice
 11033 | D:10     | Noticed a two-headed ogre
 11040 | D:10     | Paralysed by an orc for 2 turns
 11351 | D:10     | Noticed Harold
 11361 | D:10     | Killed Harold
 11596 | D:10     | Killed a two-headed ogre
 11597 | D:10     | Reached XP level 11. HP: 64/64 MP: 11/11
 11637 | D:11     | Found Peotz's Book Boutique.
 11637 | D:11     | Noticed a green ugly thing
 12054 | D:11     | Noticed a white ugly thing
 13690 | D:10     | Killed a green ugly thing
 14140 | D:11     | Killed a white ugly thing
 14520 | D:11     | Found a staircase to the Lair.
 14520 | D:11     | Noticed an oklob plant
 14546 | D:11     | Killed an oklob plant
 14588 | D:11     | Reached *** piety under Wu Jian
 14705 | D:11     | Noticed a red ugly thing
 14746 | D:11     | Killed a red ugly thing
 15482 | D:12     | Noticed a five-headed hydra
 15490 | D:12     | Killed a five-headed hydra
 15593 | D:12     | Found a staircase to the Orcish Mines.
 15976 | D:12     | Found a runed translucent door.
 16469 | D:12     | Noticed a cyclops
 16477 | D:12     | Killed a cyclops
 16790 | D:12     | Noticed a fire crab
 17234 | D:13     | Found an ornate altar of the Wu Jian Council.
 17723 | D:13     | Noticed a brown ugly thing
 17743 | D:13     | Killed a brown ugly thing
 17744 | D:13     | Reached XP level 12. HP: 35/70 MP: 12/12
 18509 | D:13     | Noticed Nessos
 18514 | D:13     | Shot with an arrow by Nessos

Illustrated notes

Levels and vault maps discovered:
D:1:      evilmike_arrival_come_back, layout_basic, minmay_octomino_c4
D:2:      layout_rooms, solitary_fountain
D:3:      layout_rooms, uniq_crazy_yiuf_cottage
D:4:      layout_basic, gammafunk_ghost_mausoleum,
          nicolae_ossuary_entry_monument, makhleb_heckhound_becter, uniq_edmund
D:5:      kennysheep_slugbush, layout_cave_pools, kiku_gazebo_pond_becter
D:6:      corexii_shack_village, layout_layer_cave, serial_shops,
          nicolae_shop_competitors_out_of_business, kennysheep_little_box,
          shop_statue
D:7:      layout_loops_corners, grunt_temple_overflow_bloody_war,
          kennysheep_mini, gammafunk_temple_overflow_pools,
          minmay_temple_entry_enclosed_plants, uniq_duvessa
D:8:      layout_basic, kennysheep_ying_yang, kennysheep_mini_moat,
          nicolae_ru_path_of_blood, serial_shops, shop, fedhas_altar_3
D:9:      layout_roguey, overflow_temple_1_default, serial_glass,
          glass_columns_a, glass_columns_a, minmay_strange_pillars
D:10:     layout_loops_ring, uniq_maurice, uniq_harold
D:11:     layout_rooms, dpeg_oklobed_lair, serial_shops,
          nicolae_shop_competitors_out_of_business
D:12:     gammafunk_mikee_crab_dinner, layout_irregular_city, david_orc_2
D:13:     layout_layer_cave, basic_altar, uniq_snorg, uniq_nessos
Temple:   minmay_freezing_vapour_temple

Skill      XL: |  1  2  3  4  5  6  7  8  9 10 11 |
---------------+----------------------------------+-----
Throwing       | 3 4 5 6 8 9 11 13 | 13.4
Staves         | 4 5 6 8 10 12 13 | 13.5
Fighting       | |  2.0
Dodging        | |  3.0

Action                   |  1- 3 |  4- 6 |  7- 9 | 10-12 || total
-------------------------+-------+-------+-------+-------++-------
Melee: Quarterstaff      |    58 |   100 |   240 |   440 ||   838
       Constrict         |    18 |    27 |    53 |    61 ||   159
       Tentacles         |    11 |    23 |    46 |   103 ||   183
Throw: Dart              |       |     4 |     1 |    23 ||    28
       Throwing net      |       |     2 |       |     3 ||     5
       Javelin           |       |       |       |     2 ||     2
Invok: Lunge             |       |       |     3 |    24 ||    27
       Whirlwind         |       |       |       |     6 ||     6
Evoke: Wand              |       |       |       |     8 ||     8
       Phantom mirror    |       |       |       |     1 ||     1
  Use: Potion            |       |     3 |     1 |     1 ||     5
       Scroll            |       |     7 |    10 |    12 ||    29
 Stab: Sleeping          |     2 |     9 |    19 |     7 ||    37
       Distracted        |       |       |     1 |     1 ||     2
       Paralysed         |       |       |       |     6 ||     6
Armor: Skin              |     6 |     4 |     6 |    22 ||    38
Dodge: Dodged            |    38 |    59 |   146 |   240 ||   483
Block: Other             |       |       |     4 |    72 ||    76
       Reflection        |       |       |       |    10 ||    10
